 Dungeon Crawl Stone Soup version 0.28.0 (webtiles) character file.

Game seed: 8182253577890853509

50 lonewolfV2 the Scratcher (level 3, -1/17 HPs)
             Began as a Felid Fighter on Feb 9, 2022.
             Killed from afar by Sigmund (8 damage)
             ... with a magic dart
             ... on level 2 of the Dungeon.
             The game lasted 00:01:53 (1735 turns).

lonewolfV2 the Scratcher (Felid Fighter)            Turns: 1735, Time: 00:01:54

Health: -1/17      AC:  1    Str: 14    XL:     3   Next: 55%
Magic:  4/4        EV: 18    Int:  9    God:
Gold:   41         SH:  0    Dex: 15    Spells: 2/2 levels left
                                        Lives:  0   Deaths: 0

rFire   . . .      SeeInvis +     - Unarmed
rCold   . . .      Faith    .   (shield unavailable)
rNeg    . . .      Spirit   .   (armour unavailable)
rPois   .          Reflect  .   (helmet unavailable)
rElec   .          Harm     .   (cloak unavailable)
rCorr   .          Rampage  .   (gloves unavailable)
Will    .....                   (boots unavailable)
Stlth   ++........              (no amulet)
HPRegen 0.05/turn               (no ring)
MPRegen 0.09/turn               (no ring)

@: quick
A: very small, claws 1, fangs 3, see invisible, speed 1, shaggy fur 1, stealthy
paws, no weapons or thrown items, no armour, multi-lived
a: no special abilities


You were on level 2 of the Dungeon.
You visited 1 branch of the dungeon, and saw 2 of its levels.

You collected 41 gold pieces.

Inventory:

Potions
 a - a potion of might
 b - a potion of curing {unknown}
 c - 2 potions of heal wounds {unknown}
 d - a potion of lignification {unknown}
 e - a potion of flight {unknown}


   Skills:
 + Level 3.2 Fighting
 + Level 4.5 Dodging
 + Level 0.5 Stealth
 + Level 4.8 Unarmed Combat


You had 2 spell levels left.
You didn't know any spells.
Your spell library contained the following spells:

 Spells                   Type           Power      Damage    Failure   Level
 Call Canine Familiar     Summ           0%         N/A       77%         3
 Conjure Flame            Conj/Fire      0%         6-21      77%         3
 Ignite Poison            Fire/Tmut/Pois 0%         N/A       77%         3
 Leda's Liquefaction      Hex/Erth       0%         N/A       99%         4
 Sticky Flame             Conj/Fire      0%         2d3       99%         4
 Portal Projectile        Hex/Tloc       Unusable   N/A       N/A         3

Dungeon Overview and Level Annotations

Branches:
Dungeon (2/15)

Altars:

Shops:
D:1 =   D:2 [:

Annotations:
D:2 Sigmund


Innate Abilities, Weirdness & Mutations

You have sharp claws.
You have razor-sharp teeth.
You have supernaturally acute eyesight. (SInv)
You cover ground quickly. (Speed+)
You are covered in fur. (AC +1)
Your paws help you pounce on unaware monsters.
You are incapable of wielding weapons or throwing items.
You cannot wear armour.
You gain extra lives every three experience levels.


Message History

The quokka closely misses you.
You closely miss the quokka. You bite the quokka.
The quokka is severely wounded.
The rat bites you. The quokka misses you.
You claw the quokka!
You kill the quokka!
The rat misses you.
You closely miss the rat. You bite the rat.
The rat is heavily wounded.
The rat completely misses you.
You barely miss the rat.
The rat is heavily wounded.
The rat misses you.
You scratch the rat.
You kill the rat!
Found Xiar's Armour Emporium.
There is an entrance to Xiar's Armour Emporium here.
Sigmund the Dreaded comes into view.
He is wielding a +0 scythe.
Sigmund shouts!
Sigmund is nearby!
Sigmund is nearby!
Sigmund points at you and mumbles some strange words.
The puff of flame hits you!
Ouch! That really hurt!
Sigmund closely misses you.
You scratch Sigmund.
Sigmund is lightly wounded.
You scratch Sigmund.
Sigmund is lightly wounded.
Sigmund completely misses you.
You closely miss Sigmund.
Sigmund is lightly wounded.
The goblin shouts!
Sigmund casts a spell at you. The puff of flame misses you.
You scratch Sigmund. Your bite misses Sigmund.
Sigmund is lightly wounded.
Sigmund gestures at you while chanting. The magic dart hits you!
You die...

.####.# .. .# .....†# .. ##.#
.####.# g# # ...# .####.####
.#.# #..# .##.#.##..
##.#.##.#####..#
.#....##.#######......<.......#
.##.#.##.##...........>#####.##
....#.##.##.##.#.########....#
###.#........#.#@# #.####
#.####....∩..#@# #.# #.#
#########.# #.# ###.# #.# #.#
....# #.# #.# ###.# #.# #.# #.#
#.# #.# #.# #.# #.# #.# ##.##


You could see Sigmund and a goblin.

Vanquished Creatures
  A gnoll (D:1)
  2 dart slugs (D:1)
  3 bats (D:1)
  An endoplasm (D:1)
  A giant cockroach (D:1)
  2 hobgoblins
  3 jackals
  A kobold (D:1)
  5 quokkas
  4 ball pythons (D:1)
  2 frilled lizards
  4 goblins (D:1)
  3 rats
32 creatures vanquished.

Notes
Turn   | Place    | Note
-------+----------+-------------------------------------------
     0 | D:1      | lonewolfV2 the Felid Fighter began the quest for the Orb.
     0 | D:1      | Reached XP level 1. HP: 10/10 MP: 2/2
    94 | D:1      | Reached XP level 2. HP: 10/14 MP: 3/3
   432 | D:1      | Found Lagefoel's Jewellery Shop.
   583 | D:1      | Reached XP level 3. HP: 17/17 MP: 4/4
  1542 | D:2      | Found Saugaet's Book Shop.
  1715 | D:2      | Found Xiar's Armour Emporium.
  1728 | D:2      | Noticed Sigmund
  1735 | D:2      | Killed from afar by Sigmund

Illustrated notes

Levels and vault maps discovered:
D:1:      tarquinn_simple_flora_water_d, layout_basic, serial_shops,
          nicolae_shop_trees, kennysheep_pointless_box
D:2:      layout_loops_ring, hellmonk_ecumenical_altar_run_dry, serial_shops,
          nicolae_shop_waterfront, nicolae_shop_crystal, shop,
          chequers_serial_rivers_micro_d, uniq_terence, uniq_sigmund

Action                   || total
-------------------------++-------
Melee: Unarmed           ||    83
       Bite              ||    10
  Use: Scroll            ||     2
 Stab: Sleeping          ||     3
Armor: Skin              ||     4
Dodge: Dodged            ||    75
